 Dungeon Crawl Stone Soup version 0.29-a0-613-gf2c431b9b9 (webtiles) character file.

Game seed: 12502578114031018058

235 moldycheese5 the Ruffian (level 5, 0/63 HPs)
             Began as a Demonspawn Berserker on June 16, 2022.
             Was a Believer of Trog.
             Splashed by a jelly's acid (4 damage)
             ... on level 5 of the Dungeon.
             The game lasted 00:04:17 (3232 turns).

moldycheese5 the Ruffian (Demonspawn Berserker)     Turns: 3232, Time: 00:04:17

Health: 0/63       AC:  0    Str: 19    XL:     5   Next: 76%
Magic:  5/5        EV: 12    Int:  9    God:    Trog [**....]
Gold:   83         SH:  0    Dex: 12    Spells: 4/4 levels left

rFire   . . .      SeeInvis .     - Unarmed
rCold   . . .      Faith    .   (no shield)
rNeg    . . .      Spirit   .   g - +0 leather armour
rPois   .          Reflect  .   (no helmet)
rElec   .          Harm     .   (no cloak)
rCorr   .          Rampage  .   (no gloves)
Will    .....                   (no boots)
Stlth   ..........              (no amulet)
HPRegen 0.20/turn               (no ring)
MPRegen 0.09/turn               (no ring)

@: berserking, corroded, very quick
A: hooves 1, foul stench 1, demonic magic 2
a: Renounce Religion, Berserk, Trog's Hand


You were on level 5 of the Dungeon.
You worshipped Trog.
Trog was pleased with you.
You visited 1 branch of the dungeon, and saw 4 of its levels.

You collected 83 gold pieces.

Inventory:

Armour
 a - a +0 animal skin
 g - a +0 leather armour (worn)
Jewellery
 l - the amulet of Kifumi Tueg {Reflect rC+ Dex+3 SH+5 Stlth+}
   (You took it off a goblin on level 3 of the Dungeon)

   [amulet of reflection]

   It reflects blocked missile attacks.
   Dex:       It affects your dexterity (+3).
   rC:        It protects you from cold.
   SH:        It affects your SH (+5).
   Stlth:     It makes you more stealthy.
Scrolls
 b - a scroll of brand weapon {unknown}
 c - 2 scrolls of amnesia {unknown}
 e - a scroll of identify {unknown}
 f - a scroll of magic mapping {unknown}
 h - 4 scrolls of teleportation {unknown}
 k - 2 scrolls of enchant weapon {unknown}
 m - a scroll of fear {unknown}
 o - a scroll of fog {unknown}
Potions
 d - 2 potions of brilliance {unknown}
 i - a potion of might {unknown}
 j - 4 potions of heal wounds {unknown}
 n - a potion of flight {unknown}


   Skills:
 + Level 3.6 Fighting
 + Level 2.5 Armour
 + Level 2.7 Dodging
 + Level 0.6 Stealth
 + Level 4.7 Unarmed Combat


You had 4 spell levels left.
You didn't know any spells.
Your spell library was empty.

Dungeon Overview and Level Annotations

Branches:
Dungeon (3/15)

Altars:


Innate Abilities, Weirdness & Mutations

You have large cloven feet.
You may rarely emit foul miasma when damaged in melee.
Spells you cast may paralyse nearby enemies.


Message History

Found a sapphire potion.
j - 4 sapphire potions (gained 1)
An ogre comes into view. It is wielding a +0 giant club.
The ogre shouts!
An ogre is nearby!
An ogre is nearby!
An ogre is nearby!
A jelly comes into view.
The jelly quivers.
The ogre hits you with a +0 giant club!
You hit the ogre. You kick the ogre.
The ogre is lightly wounded.
You hit the ogre. You kick the ogre.
The ogre is heavily wounded.
The ogre closely misses you.
You hit the ogre.
The ogre is heavily wounded.
The jelly closely misses you.
You hit the ogre.
The ogre is severely wounded.
The ogre hits you with a +0 giant club!!
Ouch! That really hurt!
* * * LOW HITPOINT WARNING * * *
The jelly closely misses you.
You are too injured to fight recklessly!
You are too injured to fight recklessly!
You are too injured to fight recklessly!
A red film seems to cover your vision as you go berserk!
You feel yourself moving faster!
You feel mighty! The jelly hits you but does no damage.
A dart slug comes into view.
The ogre barely misses you.
You completely miss the ogre. You kick the ogre!
The ogre is almost dead.
The jelly barely misses you.
You punch the ogre!
You kill the ogre!
Trog accepts your kill.
You punch the jelly! The acid corrodes you!
Your hands burn!
You die...

### ## ..# #.####
#.###......
#...######### #
####...........##.#
.........####......#
###.......###......#
#.......##.......#
............@)....#
###.....#.##.J.....#
##.#...###.....w..#
#.##.# #.##.##..# #
#. #.# .# .# # #.#
.# # ... . ... #


You could see a jelly and a dart slug.

Vanquished Creatures
  An ogre (D:5)
  An orc priest (D:3)
  3 adders
  2 worms (D:2)
  3 dart slugs
  7 orcs (D:3)
  7 bats
  5 endoplasms
  7 giant cockroaches
  3 hobgoblins (D:1)
  2 kobolds (D:1)
  6 quokkas
  3 ball pythons
  5 frilled lizards
  11 goblins
  5 rats
71 creatures vanquished.

Notes
Turn   | Place    | Note
-------+----------+-------------------------------------------
     0 | D:1      | moldycheese5 the Demonspawn Berserker began the quest for
                  | the Orb.
     0 | D:1      | Reached XP level 1. HP: 18/18 MP: 1/1
   436 | D:1      | Gained mutation: You may rarely emit foul miasma when
                  | damaged in melee. [demonic ancestry]
   436 | D:1      | Reached XP level 2. HP: 18/24 MP: 2/2
   520 | D:1      | Reached skill level 3 in Unarmed Combat
  1032 | D:1      | Gained mutation: Spells you cast may paralyse adjacent
                  | enemies. [demonic ancestry]
  1032 | D:1      | Reached XP level 3. HP: 27/29 MP: 3/3
  1254 | D:1      | Reached ** piety under Trog
  1963 | D:2      | Gained mutation: Spells you cast may paralyse nearby
                  | enemies. [demonic ancestry]
  1963 | D:2      | Reached XP level 4. HP: 34/35 MP: 4/4
  1971 | D:2      | Found a faded altar of an unknown god.
  1971 | D:2      | Noticed a floating eye
  1973 | D:2      | Noticed a shining eye
  1973 | D:2      | Noticed a shining eye
  1973 | D:2      | Noticed a shining eye
  2342 | D:2      | Reached skill level 4 in Unarmed Combat
  2653 | D:3      | Identified the amulet of Kifumi Tueg {Reflect rC+ Dex+3
                  | SH+5 Stlth+}
  3019 | D:3      | Discovered your monstrous ancestry.
  3019 | D:3      | Gained mutation: You have large cloven feet. [demonic
                  | ancestry]
  3019 | D:3      | Reached XP level 5. HP: 22/41 MP: 5/5
  3214 | D:3      | You fall into a shaft and drop 2 floors!
  3214 | D:5      | Entered Level 5 of the Dungeon
  3221 | D:5      | Noticed an ogre
  3228 | D:5      | HP: 2/41 [ogre/+0 giant club (26)]
  3231 | D:5      | Killed an ogre
  3232 | D:5      | Splashed by a jelly's acid

Illustrated notes

Levels and vault maps discovered:
D:1:      doesnt_arrival_eight_statues, layout_basic, serial_forest,
          infiniplex_forest_lined_2, infiniplex_forest_fountain,
          infiniplex_forest_clump_C, infiniplex_forest_lined_room_2,
          infiniplex_forest_straight_3, minmay_worlds_worst_comb
D:2:      layout_basic, hellmonk_ecumenical_altar_watching_god
D:3:      layout_rooms, hangedman_decor_points
D:5:      layout_loops_ring

Skill      XL: |  1  2  3  4 |
---------------+-------------+-----
Unarmed Combat | 3 4 |  4.7
Dodging        | 2 |  2.7
Armour         | 2 |  2.5
Fighting       | |  3.6
Stealth        | |  0.6

Action                   |  1- 3 |  4- 6 || total
-------------------------+-------+-------++-------
Melee: Unarmed           |   166 |   105 ||   271
       Punch             |     4 |     5 ||     9
       Kick              |       |     4 ||     4
Invok: Trog's Hand       |       |     1 ||     1
       Berserk           |       |     1 ||     1
 Stab: Sleeping          |     1 |       ||     1
Armor: Animal skin       |    20 |       ||    20
       Leather armour    |    25 |    26 ||    51
Dodge: Dodged            |   122 |    72 ||   194

Table legend: (Time is in decaauts)
 A = Elapsed time spent in this place.
 B = Non-inter-level travel time spent in this place.
 C = Inter-level travel time spent in this place.
 D = Time resting spent in this place.
 E = Time spent auto-exploring this place.
 F = Levels seen in this place.
 G = Mean time per level.
                   A        B        C        D        E       F      G
               +--------+--------+--------+--------+--------+-----+--------+
         Total |   3212 |   3142 |     70 |    564 |   2068 |   4 |  803.0 |
       Dungeon |   3212 |   3142 |     70 |    564 |   2068 |   4 |  803.0 |
               +--------+--------+--------+--------+--------+-----+--------+

Top non-repeatable levels by time:
     D:1: 1549 daAuts
     D:2: 1024 daAuts
     D:3: 622 daAuts
     D:5: 16 daAuts
